 Dungeon Sprint DCSS version 0.28-a0-233-gb8ca4b6547 (webtiles) character file.

Game seed: 987605445659552776

161 tbh1313 the Carver (level 5, -5/45 HPs)
             Began as a Minotaur Berserker on Aug 22, 2021.
             Was an Elder of Trog.
             Killed from afar by a deep elf pyromancer (15 damage)
             ... with a bolt of fire
             ... in the Dungeon (Sprint III: "The Ten Rune Challenge").
             The game lasted 00:01:29 (504 turns).

tbh1313 the Carver (Minotaur Berserker)              Turns: 504, Time: 00:01:30

Health: -5/45      AC:  2    Str: 21    XL:     5   Next: 18%
Magic:  4/4        EV: 12    Int:  5    God:    Trog [****..]
Gold:   40         SH:  0    Dex: 10    Spells: 4/4 levels left

rFire   . . .      SeeInvis .   a - +0 falchion
rCold   . . .      Faith    .   (no shield)
rNeg    . . .      Spirit   .   j - +0 robe
rPois   .          Reflect  .   (helmet restricted)
rElec   .          Harm     .   (no cloak)
rCorr   .          Rampage  .   (no gloves)
Will    .....      NoTele   +   (no boots)
Stlth   +.........              (no amulet)
HPRegen 0.15/turn               (no ring)
MPRegen 0.09/turn               (no ring)

@: on berserk cooldown, hasted and slowed
A: horns 2, retaliatory headbutt
a: Renounce Religion, Berserk, Trog's Hand, Brothers in Arms


You were in the Dungeon.
You worshipped Trog.
Trog was greatly pleased with you.
You visited 1 branch You collected 40 gold pieces.

Inventory:

Hand Weapons
 a - a +0 falchion (weapon)
Armour
 j - a +0 robe (worn)
Scrolls
 b - 2 scrolls of immolation
 h - 2 scrolls of blinking
 i - a scroll of identify
Potions
 c - a potion of curing
 d - a potion of heal wounds
 f - 2 potions of magic
 g - a potion of berserk rage
 l - 5 potions of mutation
 m - a potion of attraction


   Skills:
 - Level 3.6 Fighting
 + Level 12.7 Long Blades
 - Level 2.4 Armour
 - Level 2.1 Dodging


You had 4 spell levels left.
You didn't know any spells.
Your spell library contained the following spells:

 Spells                   Type           Power      Damage    Failure   Level
 Magic Dart               Conj           0%         1d3       47%         1
 Searing Ray              Conj           0%         3d3       63%         2
 Fulminant Prism          Conj/Hex       0%         3d6       99%         4


Dungeon Overview and Level Annotations

Branches:
Dungeon (1/1)

Altars:
Elyvilon
Kikubaaqudgha
Sif Muna
Vehumet
Zin
The Shining One


Innate Abilities, Weirdness & Mutations

You have a pair of horns on your head.
You reflexively headbutt those who attack you in melee.


Message History

You open the door.
Found three altars.
A red film seems to cover your vision as you go berserk!
You feel yourself moving faster!
You feel mighty!
A deep elf pyromancer comes into view.
It is wielding a +0 long sword of holy wrath.
Found a potion of heal wounds.
You feel a strong urge to attack something.
The deep elf pyromancer shouts!
There is an open door here.
The deep elf pyromancer mumbles some strange words.
The deep elf pyromancer blinks!
You feel your anger nearly subside.
The deep elf pyromancer casts a spell.
You see here a potion of heal wounds.
You are no longer berserk.
You are exhausted.
You feel yourself slow down.
There is an open door here.
You closely miss the deep elf pyromancer.
The deep elf pyromancer gestures at you while chanting.
The sticky flame hits you!
You are covered in liquid flames!
You feel yourself speed up.
You are covered in liquid flames!
You are no longer on fire.
The fire elemental misses you.
The deep elf pyromancer hits you with a +0 long sword of holy wrath!
The fire elemental misses you.
You riposte.
You hit the fire elemental.
The fire elemental is lightly damaged.
You closely miss the deep elf pyromancer.
The deep elf pyromancer barely misses you.
You furiously retaliate!
You headbutt the deep elf pyromancer!
You barely miss the deep elf pyromancer.
Your headbutt misses the deep elf pyromancer.
The deep elf pyromancer is lightly wounded.
The fire elemental hits you. The fire elemental burns you!
* * * LOW HITPOINT WARNING * * *
The deep elf pyromancer gestures at you while chanting.
The bolt of fire hits you!
You die...

▓▓▓▓ ▓▓▓ ...####
##.#####
......#####..#___#
...[...#..#..#!..#
#.##...#..#..###@#+###+#
#.###..##!#..#..Ee.°....
##.##÷.###...'.⌠..°.....
†.##..####...#...######+
..##..###....#.⌠.#
.##...##.....#...#
##....#......#)###
##..##.#.....#)..#
#..#####....#___#


You could see a deep elf pyromancer and a fire elemental (summoned).

Levels and vault maps discovered:
D:        dungeon_sprint_mu [sprint_mu_entry_cave, sprint_mu_temple_rooms,
          sprint_mu_d1_spiders, sprint_mu_d2_genie, sprint_mu_d3_branching,
          sprint_mu_orc_legion, sprint_mu_elf_gauntlet, sprint_mu_hive_nellie,
          sprint_mu_lair_fedhas, sprint_mu_vaults_butterflies,
          sprint_mu_slime_circle, sprint_mu_swamp_cave, sprint_mu_snake_twists,
          sprint_mu_blade_basic, sprint_mu_crypt_chambers,
          sprint_mu_tomb_spiral, sprint_mu_vestibule_basic,
          sprint_mu_gehenna_hellfire, sprint_mu_dis_giant,
          sprint_mu_tartarus_statrot, sprint_mu_cocytus_islands, sprint_mu_zot1]

Notes
Turn   | Place    | Note
-------+----------+-------------------------------------------
     0 | D        | tbh1313 the Minotaur Berserker began the quest for the Orb.
     0 | D        | Reached XP level 1. HP: 19/19 MP: 0/0
     9 | D        | Reached skill level 4 in Long Blades
    72 | D        | Noticed Jessica
    79 | D        | Killed Jessica
    79 | D        | Reached ** piety under Trog
    80 | D        | Reached skill level 8 in Long Blades
    80 | D        | Reached XP level 2. HP: 25/26 MP: 1/1
    98 | D        | Reached XP level 3. HP: 31/31 MP: 2/2
   119 | D        | Reached *** piety under Trog
   120 | D        | Reached skill level 9 in Long Blades
   368 | D        | Noticed a water elemental
   374 | D        | Killed a water elemental
   375 | D        | Reached skill level 11 in Long Blades
   375 | D        | Reached XP level 4. HP: 39/39 MP: 3/3
   444 | D        | Found a radiant altar of Vehumet.
   444 | D        | Found a shimmering blue altar of Sif Muna.
   444 | D        | Found an ancient bone altar of Kikubaaqudgha.
   444 | D        | Noticed a wizard
   449 | D        | Killed a wizard
   450 | D        | Reached skill level 12 in Long Blades
   450 | D        | Reached XP level 5. HP: 45/45 MP: 4/4
   453 | D        | Reached **** piety under Trog
   494 | D        | Found a glowing silver altar of Zin.
   494 | D        | Found a glowing golden altar of the Shining One.
   494 | D        | Found a white marble altar of Elyvilon.
   496 | D        | Noticed a deep elf pyromancer
   500 | D        | Noticed a fire elemental
   504 | D        | Killed from afar by a deep elf pyromancer

Table legend: (Time is in decaauts)
 A = Elapsed time spent in this place.
 B = Non-inter-level travel time spent in this place.
 C = Inter-level travel time spent in this place.
 D = Time resting spent in this place.
 E = Time spent auto-exploring this place.
 F = Levels seen in this place.
 G = Mean time per level.
                   A        B        C        D        E       F      G
               +--------+--------+--------+--------+--------+-----+--------+
         Total |    519 |    519 |      0 |    372 |     22 |   1 |  519.0 |
       Dungeon |    519 |    519 |      0 |    372 |     22 |   1 |  519.0 |
               +--------+--------+--------+--------+--------+-----+--------+

Top non-repeatable levels by time:
       D: 519 daAuts

Table legend:
 A = Kills in this place as a percentage of kills in entire the game.
 B = Kills by you in this place as a percentage of kills by you in the entire game.
 C = Kills by friends in this place as a percentage of kills by friends in the entire game.
 D = Other kills in this place as a percentage of other kills in the entire game.
 E = Experience gained in this place as a percentage of experience gained in the entire game.
 F = Experience gained in this place divided by the number of levels of this place that you have seen.
                   A       B       C       D       E      F
               +-------+-------+-------+-------+-------+----------------------
         Total | 100.0 | 100.0 |   N/A |   N/A | 100.0 | 230.0
       Dungeon | 100.0 | 100.0 |   N/A |   N/A | 100.0 | 230.0
               +-------+-------+-------+-------+-------+----------------------

Action                   |  1- 3 |  4- 6 || total
-------------------------+-------+-------++-------
Melee: Falchion          |    21 |    10 ||    31
       Headbutt          |     1 |     1 ||     2
Invok: Berserk           |     2 |     2 ||     4
  Use: Scroll            |       |     3 ||     3
       Potion            |       |     1 ||     1
 Stab: Sleeping          |     1 |       ||     1
Armor: Robe              |     1 |     1 ||     2
Dodge: Dodged            |     8 |     3 ||    11
       Rpst.: Falchion   |     2 |     1 ||     3

Vanquished Creatures
  A water elemental (D)
  Jessica (D)
  A wizard (D)
  A human (D)
  A kobold demonologist (D)
  A wolf (D)
  An endoplasm (D)
  2 rats (D)
9 creatures vanquished.
